 Dungeon Crawl Stone Soup version 0.30-a0-121-gb27577e5d9 (webtiles) character file.

Game seed: 3672364940442008546

95 Colgate the Insei (level 4, -2/29 HPs)
             Began as an Octopode Transmuter on Sept 14, 2022.
             Succumbed to Sigmund's poison
             ... on level 2 of the Dungeon.
             The game lasted 00:06:33 (2508 turns).

Colgate the Insei (Octopode Transmuter)             Turns: 2508, Time: 00:06:34

Health: -2/29      AC:  2    Str:  9    XL:     4   Next: 65%
Magic:  4/7        EV: 19    Int: 17    God:
Gold:   111        SH:  0    Dex: 17    Spells: 1/7 levels left

rFire   + . .      SeeInvis .      - Unarmed
rCold   x . .      Faith    .    (shield currently unavailable)
rNeg    . . .      Spirit   .    (helmet currently unavailable)
rPois   x          Reflect  .    (no amulet)
rElec   .          Harm     .    l - ring of fire
rCorr   .          Rampage  .    (no ring)
Will    .....                    (no ring)
Stlth   ++........               (no ring)
HPRegen 0.09/turn                (no ring)
MPRegen 0.10/turn                (no ring)
                                 (no ring)
                                 (no ring)

@: lethally poisoned (-2 -> -59), spider-form (expiring)
A: venomous fangs, almost no armour, (amphibious), 8 rings, tiny, (camouflage
1), (gelatinous body 1), (nimble swimmer 1), (tentacles)
a: End Transformation


You were on level 2 of the Dungeon.
You were a venomous arachnid creature.
You visited 1 branch of the dungeon, and saw 2 of its levels.

You collected 111 gold pieces.

Inventory:

Missiles
 c - 6 boomerangs of dispersal
 d - 3 silver javelins
 e - a throwing net {!f}
 f - 4 boomerangs
Magical Staves
 a - a staff of poison (melded)
Jewellery
 l - a ring of fire (left front leg)
Scrolls
 g - a scroll of immolation {unknown}
 i - a scroll of silence {unknown}
 k - a scroll of magic mapping {unknown}
Potions
 b - 3 potions of curing {unknown}
 h - 3 potions of attraction {unknown}
 j - a potion of lignification


   Skills:
 + Level 2.3 Fighting
 - Level 2.0 Dodging
 - Level 1.1 Stealth
 - Level 4.0 Unarmed Combat
 - Level 2.0 Spellcasting
 - Level 3.0 Transmutations


You had one spell level left.
You knew the following spells:

 Your Spells              Type           Power      Damage    Failure   Level
a - Beastly Appendage     Tmut           24%        N/A       16%         1
b - Wereblood             Tmut           12%        N/A       22%         2
c - Spider Form           Tmut/Pois      6%         N/A       52%         3

Your spell library contained the following spells:

 Spells                   Type           Power      Damage    Failure   Level
 Ice Form                 Ice/Tmut       6%         N/A       87%         4


Dungeon Overview and Level Annotations

Branches:
Dungeon (2/15)

Altars:

Annotations:
D:1 NTE
D:2 Sigmund


Innate Abilities, Weirdness & Mutations

You are a venomous arachnid creature.
You have poisonous fangs.
You are tiny and dextrous.
Your spellcasting is less reliable in this form.
Your armour is entirely melded.
You are incapable of wielding weapons or throwing items.
You cannot wear most types of armour.
((You are amphibious.))
You can wear up to eight rings at the same time.
((Your skin changes colour to match your surroundings (Stealth+).))
((Your rubbery body absorbs attacks. (AC +1, EV +1)))
((You are camouflaged when in or above water. (Stealth+)))
((You have tentacles for arms and can constrict up to eight enemies at once.))


Message History

You feel a surge of power!
You turn into a venomous arachnid creature.
Your staff of poison melds into your body.
The hobgoblin shouts!
You hit the hobgoblin.
The hobgoblin is poisoned.
The hobgoblin closely misses you.
You bite the hobgoblin!
You kill the hobgoblin!
No target in view!
Your transformation is almost over.
Your transformation has ended.
Your staff of poison unmelds from your body.
No target in view!
You see here a hobgoblin corpse.
Found a hand axe.
No target in view!
Sigmund the Dreaded comes into view.
He is wielding a +0 scythe of venom and wearing a +1 robe of willpower.
Casting: Spider Form (extremely dangerous; 30% risk of failure)
You feel a surge of power!
You turn into a venomous arachnid creature.
Your staff of poison melds into your body.
Sigmund shouts!
Your transformation is almost over.
A quokka comes into view.
An adder comes into view.
Sigmund casts a spell.
Sigmund flickers and vanishes!
Deactivating autopickup; reactivate with Ctrl-A.
Something misses you.
You hit something. You hit something but do no damage. Something hits you.
You are lethally poisoned!
The adder completely misses you.
You closely miss something.
You feel very sick. The adder bites you.
You are more poisoned.
The adder poisons you! Something hits you!
You are more poisoned.
You hit something.
You die...

#.##.##.....####.#
#.)..##..####
##.###....
###......#
#.........
.........#
#.........
...#######
#.........
.>.......#
#.........
#.#.####.#
#......... #.#.#
#.# #rS{......
#.#.# #.#
#.s....... #.#.#
#.# #...).....
#.#.# #.#
#......... #.#.#
#.# #.........
#.#.#
#.######.........
#.#.#
#.........#######
#.#.# ###########
#.†.# #####


You could see an adder and a quokka.

Vanquished Creatures
  4 adders (D:2)
  2 worms (D:2)
  4 dart slugs
  2 bats (D:2)
  4 endoplasms
  3 giant cockroaches
  3 goblins
  6 hobgoblins
  4 jackals (D:1)
  A quokka (D:1)
  2 ball pythons (D:2)
  2 frilled lizards (D:1)
  5 kobolds (D:1)
  2 rats
44 creatures vanquished.

Notes
Turn   | Place    | Note
-------+----------+-------------------------------------------
     0 | D:1      | Colgate the Octopode Transmuter began the quest for the
                  | Orb.
     0 | D:1      | Reached XP level 1. HP: 13/13 MP: 3/3
   245 | D:1      | Reached XP level 2. HP: 18/18 MP: 5/5
   248 | D:1      | Learned a level 2 spell: Wereblood
   813 | D:1      | Reached skill level 4 in Unarmed Combat
   837 | D:1      | Found a faded altar of an unknown god.
   965 | D:1      | Reached skill level 1 in Stealth
   965 | D:1      | Reached XP level 3. HP: 20/23 MP: 4/6
   969 | D:1      | Learned a level 3 spell: Spider Form
  1999 | D:2      | Reached XP level 4. HP: 27/28 MP: 4/7
  2499 | D:2      | Noticed Sigmund
  2508 | D:2      | Succumbed to Sigmund's poison

Illustrated notes

Levels and vault maps discovered:
D:1:      dpeg_arrival_pits, layout_loops_corners,
          nicolae_ecumenical_lake_church
D:2:      layout_basic, uniq_sigmund

Skill      XL: |  1  2  3  4 |
---------------+-------------+-----
Unarmed Combat | 4 |  4.0
Stealth        | 1 |  1.1
Transmutations | 3 |  3.0
Fighting       | 2 |  2.3
Dodging        | |  2.0
Spellcasting   | |  2.0

Action                   |  1- 3 |  4- 6 || total
-------------------------+-------+-------++-------
Melee: Unarmed           |    67 |    25 ||    92
       Constrict         |    14 |       ||    14
       Kick              |     7 |       ||     7
       Punch             |     4 |       ||     4
       Tentacles         |     6 |       ||     6
       Staff             |     1 |       ||     1
 Cast: Beastly Appendage |     8 |       ||     8
       Wereblood         |     3 |       ||     3
       Spider Form       |     7 |     7 ||    14
 Abil: End Transformatio |     1 |       ||     1
 Stab: Sleeping          |     5 |     1 ||     6
Armor: Skin              |     3 |     3 ||     6
Dodge: Dodged            |    35 |    19 ||    54

Table legend: (Time is in decaauts)
 A = Elapsed time spent in this place.
 B = Non-inter-level travel time spent in this place.
 C = Inter-level travel time spent in this place.
 D = Time resting spent in this place.
 E = Time spent auto-exploring this place.
 F = Levels seen in this place.
 G = Mean time per level.
                   A        B        C        D        E       F      G
               +--------+--------+--------+--------+--------+-----+--------+
         Total |   2500 |   2466 |     34 |      2 |   2098 |   2 | 1250.0 |
       Dungeon |   2500 |   2466 |     34 |      2 |   2098 |   2 | 1250.0 |
               +--------+--------+--------+--------+--------+-----+--------+

Top non-repeatable levels by time:
     D:1: 1706 daAuts
     D:2: 793 daAuts
